AoeStats
← 乔木

Lombardia

507681876Analyzed
3v3 RM · 13d ago on Sep 19, 2026· 74m 20s· 6 players
Game mode
Random Map
Map size
Normal (6 player)
Population
200
Speed
Normal
Resources
Standard
Victory
Conquest
Starting age
Dark Age
Ending age
Imperial Age
RankedLock teamsTeams togetherTeam positionsShared explorationLock speedFull tech treeHidden civsTurbo modeCheats
Victory
Defeat
🇨🇳 Maya · China
840
+13
🇨🇳 Byzantines · China
838
+13
🇨🇳 Khmer · China
798
+14
🇩🇪 Tatars · Germany
812
-16
🇩🇪 Britons · Germany
742
-12
🇩🇪 Spanish · Germany
742
-12
Ahorn
2:45 Loom
12:52 Feudal Age
21:00 Castle Age
19:14 Double-Bit Axe
20:25 Fletching
20:36 Padded Archer Armor
23:14 Bodkin Arrow
23:57 Crossbowman
26:30 Wheelbarrow
26:26 Bow Saw
26:42 Horse Collar
27:02 Elite Skirmisher
31:11 Murder Holes
31:27 Fortified Wall
32:56 Town Watch
34:19 Ballistics
37:09 Heavy Plow
40:20 Imperial Age
40:18 Leather Archer Armor
43:23 Yeomen
44:31 Chemistry
44:53 Warwolf
46:17 Hand Cart
46:19 Arbalester
47:35 Caravan
48:49 Town Patrol
54:36 Scale Mail Armor
54:47 Forging
55:08 Bracer
55:39 Ring Archer Armor
56:01 Pikeman
56:42 Squires
56:27 Gambesons
59:40 Elite Longbowman
Rastkogel
0:56 Loom
12:23 Feudal Age
12:47 Horse Collar
13:46 Double-Bit Axe
20:01 Castle Age
18:20 Gold Mining
19:54 Stone Mining
20:16 Fletching
20:44 Heavy Plow
21:10 Bow Saw
22:33 Wheelbarrow
27:54 Caravan
31:20 Imperial Age
29:02 Town Watch
30:02 Ballistics
30:32 Hand Cart
31:24 Husbandry
31:35 Bloodlines
33:26 Stone Shaft Mining
34:31 Elite Conquistador
34:53 Capped Ram
36:52 Town Patrol
38:05 Cavalier
42:19 Two-Man Saw
43:26 Scale Barding Armor
43:17 Bodkin Arrow
43:32 Forging
44:26 Chemistry
43:11 Arrowslits
43:54 Inquisition
44:24 Murder Holes
44:16 Arrowslits
44:53 Chain Barding Armor
45:40 Squires
45:25 Arson
45:26 Gambesons
46:03 Supremacy
45:55 Pikeman
46:54 Bloodlines
46:43 Herbal Medicine
47:09 Sanctity
46:45 Elite Skirmisher
47:31 Thumb Ring
49:04 Siege Ram
52:33 Paladin
54:12 Block Printing
55:21 Hoardings
55:40 Theocracy
58:54 Illumination
58:54 Halberdier
60:33 Plate Barding Armor
60:33 Iron Casting
59:59 Bracer
66:08 Scale Mail Armor
66:09 Padded Archer Armor
67:15 Blast Furnace
70:07 Bombard Tower
70:04 Chain Mail Armor
70:04 Leather Archer Armor
74:20 Ring Archer Armor
74:20 Plate Mail Armor
BigThree!
11:10 Feudal Age
15:39 Castle Age
13:53 Double-Bit Axe
13:51 Horse Collar
16:51 Bow Saw
17:43 Wheelbarrow
19:04 Heavy Plow
20:39 Loom
21:38 Gold Mining
24:44 Gold Shaft Mining
24:03 Stone Mining
24:14 Fletching
24:25 Stone Mining
25:00 Hand Cart
24:31 Town Watch
26:03 Treadmill Crane
27:32 Town Patrol
30:18 Imperial Age
27:50 Town Patrol
28:40 Bodkin Arrow
28:45 Padded Archer Armor
30:15 Leather Archer Armor
31:33 Crop Rotation
31:30 Ballistics
31:06 Murder Holes
31:22 Masonry
31:18 Heavy Cavalry Archer
32:14 Caravan
32:03 Pikeman
32:45 Squires
32:57 Siege Engineers
34:15 Chemistry
34:58 Conscription
34:45 Silk Armor
34:56 Timurid Siegecraft
35:04 Halberdier
35:51 Husbandry
36:01 Bloodlines
39:17 Bracer
39:47 Ring Archer Armor
39:25 Scale Barding Armor
39:41 Elite Keshik
44:07 Chain Barding Armor
43:58 Forging
44:55 Heavy Camel Rider
45:47 Elite Steppe Lancer
55:20 Plate Barding Armor
55:20 Iron Casting
57:28 Cavalier
64:17 Blast Furnace
68:10 Onager
章鱼哥
12:32 Feudal Age
10:49 Loom
14:01 Double-Bit Axe
13:59 Horse Collar
17:55 Stone Mining
20:31 Castle Age
19:07 Wheelbarrow
25:32 Fletching
25:42 Padded Archer Armor
27:05 Hand Cart
29:36 Imperial Age
27:56 Elite Skirmisher
29:37 Thumb Ring
29:30 Bodkin Arrow
31:54 Bracer
35:22 Ballistics
37:55 Leather Archer Armor
39:56 Hoardings
41:00 Pikeman
41:40 Squires
41:26 Gambesons
45:38 Chemistry
44:10 Halberdier
45:46 Forging
45:36 Scale Mail Armor
47:21 Iron Casting
47:30 Iron Casting
49:34 Chain Mail Armor
54:24 Plate Mail Armor
54:25 Ring Archer Armor
69:49 Arson
帅气的酷酷
0:43 Loom
11:12 Feudal Age
11:43 Double-Bit Axe
18:56 Castle Age
17:43 Horse Collar
18:07 Stone Mining
19:35 Gold Mining
21:00 Bow Saw
20:53 Heavy Plow
30:15 Stone Shaft Mining
31:42 Treadmill Crane
35:52 Imperial Age
34:15 Wheelbarrow
34:24 Fortified Wall
34:24 Masonry
34:37 Ballistics
35:12 Caravan
35:37 Hand Cart
35:56 Forging
35:47 Scale Mail Armor
35:47 Padded Archer Armor
35:37 Fletching
37:04 Thumb Ring
36:21 Eagle Warrior
36:49 Arson
37:42 Conscription
37:24 Hul'che Javelineers
38:19 Crop Rotation
39:18 Two-Man Saw
38:36 Town Watch
39:55 Chemistry
38:53 Murder Holes
38:23 Elite Skirmisher
40:03 Town Patrol
40:21 Squires
40:10 Elite Plumed Archer
40:53 Elite Eagle Warrior
44:18 Architecture
47:19 Iron Casting
47:00 Chain Mail Armor
47:00 Leather Archer Armor
49:58 Holcans
50:46 Blast Furnace
50:16 Plate Mail Armor
49:42 Bodkin Arrow
53:54 Bracer
54:24 Ring Archer Armor
62:05 Coinage
61:46 Guilds
乔木
10:22 Feudal Age
11:10 Double-Bit Axe
16:42 Castle Age
15:44 Horse Collar
20:43 Heavy Plow
21:04 Bow Saw
22:00 Gold Mining
22:03 Stone Mining
28:41 Tusk Swords
29:12 Forging
28:53 Fletching
29:03 Padded Archer Armor
29:04 Scale Mail Armor
29:09 Scale Barding Armor
29:45 Stone Shaft Mining
29:50 Gold Shaft Mining
32:59 Iron Casting
32:19 Bodkin Arrow
32:40 Leather Archer Armor
32:41 Chain Mail Armor
36:28 Imperial Age
34:37 Wheelbarrow
35:30 Chain Barding Armor
35:59 Ballistics
35:51 Fortified Wall
35:38 Murder Holes
36:26 Hand Cart
36:01 Town Watch
36:04 Man-at-Arms
36:06 Pikeman
36:32 Arson
37:37 Conscription
38:04 Bloodlines
37:56 Husbandry
39:17 Blast Furnace
39:16 Town Patrol
39:59 Double Crossbow
41:44 Bracer
42:15 Ring Archer Armor
42:20 Plate Barding Armor
42:11 Elite Ballista Elephant
44:48 Chemistry
43:55 Siege Engineers
47:39 Crop Rotation
47:45 Coinage
47:27 Caravan
63:39 Banking
Connection lost

Rejoining the realm…

Still unreachable

The connection could not be restored.

Session expired

The server has moved on; the page needs a fresh start.